TOP OF THE 1ST |
Winnipeg Goldeyes batting - Pitching for New Jersey Devils : RHP Richard Pye
|
Pitching: RHP Richard Pye
|
|
Batting: LHB Marvin Shepherd
|
0-0: Foul Ball, location: 2F 0-1: Fly out, F9 (Flyball, 9D, EV 106.9 MPH)
|
Batting: RHB Caleb Bockmann
|
0-0: Ball 1-0: Ball 2-0: Called Strike 2-1: SOLO HOME RUN (Flyball, 8RXD, EV 110.6 MPH), Distance : 435 ft
|
Batting: RHB John Dew
|
0-0: Ball 1-0: Foul Ball, location: 2F 1-1: Ball 2-1: Called Strike 2-2: Ground out 5-3 (Groundball, 5, EV 104.4 MPH)
|
Batting: RHB Steve Terrell
|
0-0: Foul Ball, location: 2F 0-1: Ball 1-1: Ball 2-1: Foul Ball, location: 2F 2-2: Ball 3-2: Ground out 6-3 (Groundball, 6, EV 103.8 MPH)
|
Top of the 1st over - 1 run, 1 hit, 0 errors, 0 left on base; Winnipeg 1 - New Jersey 0 |
BOTTOM OF THE 1ST |
New Jersey Devils batting - Pitching for Winnipeg Goldeyes : RHP Larry Muttart
|
Pitching: RHP Larry Muttart
|
|
Batting: SHB Tyler Maddux
|
0-0: Called Strike 0-1: Foul Ball, location: 2F 0-2: SINGLE (Flyball, 34D, EV 87.5 MPH)
|
Batting: RHB Oscar Bravo
|
0-0: Ball 1-0: SINGLE (Groundball, 23, EV 60.6 MPH) (infield hit) Tyler Maddux to second
|
Batting: LHB Tony Leyba
|
0-0: Ball 1-0: Swinging Strike 1-1: Fly out, F8 (Flyball, 8RM, EV 93.1 MPH)
|
Batting: LHB Miguel Ramos
|
0-0: Ball 1-0: Ball 2-0: Ball 3-0: Base on Balls Tyler Maddux to third Oscar Bravo to second
|
Batting: LHB Matt Baker
|
0-0: Ball 1-0: Swinging Strike 1-1: Foul Ball, location: 2F 1-2: Strikes out swinging
|
Batting: LHB Jason Jones
|
0-0: Fly out, F8 (Flyball, 8LD, EV 104.4 MPH)
|
Bottom of the 1st over - 0 runs, 2 hits, 0 errors, 3 left on base; Winnipeg 1 - New Jersey 0 |
TOP OF THE 2ND |
Winnipeg Goldeyes batting - Pitching for New Jersey Devils : RHP Richard Pye
|
Batting: SHB Matt Urbani
|
0-0: Ball 1-0: Foul Ball, location: 2F 1-1: Ball 2-1: Called Strike 2-2: SINGLE (Line Drive, 9LS, EV 105.0 MPH)
|
Batting: RHB Leo Gonzalez
|
0-0: Called Strike 0-1: Ball 1-1: DOUBLE (Flyball, 8RXD, EV 108.1 MPH) Matt Urbani to third Runner from 3rd tries for Home, SAFE, no throw by CF
|
Batting: RHB David McClellan
|
0-0: Ball 1-0: DOUBLE (Flyball, 78D, EV 83.1 MPH) Leo Gonzalez scores
|
Batting: RHB David McDonald
|
0-0: Ball 1-0: Ball 2-0: Foul Ball, location: 2F 2-1: Fly out, F7 (Flyball, 78M, EV 96.9 MPH)
|
Batting: RHB Hisao Takei
|
0-0: Ball 1-0: Fly out, F7 (Flyball, 7, EV 90.0 MPH)
|
Batting: LHB Marvin Shepherd
|
0-0: Swinging Strike 0-1: Foul Ball, location: 2F 0-2: Foul Ball, location: 2F 0-2: Foul Ball, location: 2F 0-2: Ball 1-2: Foul Ball, location: 2F 1-2: Fly out, F5 (Popup, 56S, EV 75.0 MPH)
|
Top of the 2nd over - 2 runs, 3 hits, 0 errors, 1 left on base; Winnipeg 3 - New Jersey 0 |
BOTTOM OF THE 2ND |
New Jersey Devils batting - Pitching for Winnipeg Goldeyes : RHP Larry Muttart
|
Batting: RHB Jim Freels
|
0-0: Ball 1-0: Ball 2-0: Called Strike 2-1: Foul Ball, location: 2F 2-2: SINGLE (Line Drive, 8RS, EV 98.1 MPH)
|
Batting: RHB Chris Graham
|
0-0: Grounds into double play, 6-4-3 (Groundball, 6, EV 85.6 MPH)
|
Batting: RHB Michael Youngberry
|
0-0: Ball 1-0: TRIPLE (Flyball, 9LD, EV 108.1 MPH)
|
Batting: SHB Tyler Maddux
|
0-0: SINGLE (Line Drive, 89S, EV 98.1 MPH) Michael Youngberry scores
|
Batting: RHB Oscar Bravo
|
0-0: Ball Tyler Maddux steals 2nd base 1-0: Called Strike 1-1: Swinging Strike 1-2: Ball 2-2: Ball 3-2: Strikes out swinging
|
Bottom of the 2nd over - 1 run, 3 hits, 0 errors, 1 left on base; Winnipeg 3 - New Jersey 1 |
TOP OF THE 3RD |
Winnipeg Goldeyes batting - Pitching for New Jersey Devils : RHP Richard Pye
|
Batting: RHB Caleb Bockmann
|
0-0: Ground out 5-3 (Groundball, 56, EV 96.2 MPH)
|
Batting: RHB John Dew
|
0-0: Swinging Strike 0-1: Ground out 6-3 (Groundball, 6S, EV 75.6 MPH)
|
Batting: RHB Steve Terrell
|
0-0: Foul Ball, location: 2F 0-1: Foul Ball, location: 2F 0-2: Strikes out swinging
|
Top of the 3rd over - 0 runs, 0 hits, 0 errors, 0 left on base; Winnipeg 3 - New Jersey 1 |
BOTTOM OF THE 3RD |
New Jersey Devils batting - Pitching for Winnipeg Goldeyes : RHP Larry Muttart
|
Batting: LHB Tony Leyba
|
0-0: Called Strike 0-1: Foul Ball, location: 2F 0-2: Ball 1-2: Strikes out swinging
|
Batting: LHB Miguel Ramos
|
0-0: Ball 1-0: Ball 2-0: Ball 3-0: Called Strike 3-1: Swinging Strike 3-2: Base on Balls
|
Batting: LHB Matt Baker
|
0-0: Called Strike 0-1: Ball 1-1: Fielders Choice at 2nd, 3-6 (Groundball, 34, EV 82.5 MPH)
|
Batting: LHB Jason Jones
|
0-0: Ball 1-0: Called Strike 1-1: Foul Ball, location: 2F 1-2: DOUBLE (Flyball, 89XD, EV 105.0 MPH) Matt Baker to third Matt Baker scores
|
Batting: RHB Jim Freels
|
0-0: Fly out, F6 (Popup, 6M, EV 51.9 MPH)
|
Bottom of the 3rd over - 1 run, 1 hit, 0 errors, 1 left on base; Winnipeg 3 - New Jersey 2 |
TOP OF THE 4TH |
Winnipeg Goldeyes batting - Pitching for New Jersey Devils : RHP Richard Pye
|
Batting: SHB Matt Urbani
|
0-0: Swinging Strike 0-1: Foul Ball, location: 2F 0-2: Foul Ball, location: 2F 0-2: Ball 1-2: Foul Ball, location: 2F 1-2: SOLO HOME RUN (Line Drive, 8LXD, EV 111.9 MPH), Distance : 438 ft
|
Batting: RHB Leo Gonzalez
|
0-0: Swinging Strike 0-1: Ball 1-1: Called Strike 1-2: Ball 2-2: Strikes out swinging
|
Batting: RHB David McClellan
|
0-0: Called Strike 0-1: Swinging Strike 0-2: Ball 1-2: SINGLE (Groundball, 6S, EV 72.5 MPH) (infield hit)
|
Batting: RHB David McDonald
|
0-0: Foul Ball, location: 2F 0-1: Ball 1-1: Foul Ball, location: 2F 1-2: DOUBLE (Line Drive, 5D, EV 96.9 MPH) David McClellan to third Runner from 3rd tries for Home, SAFE, throw by LF to home
|
Batting: RHB Hisao Takei
|
0-0: Called Strike 0-1: Swinging Strike 0-2: Foul Ball, location: 2F 0-2: Ball 1-2: Fly out, F7 (Flyball, 7, EV 91.9 MPH)
|
Batting: LHB Marvin Shepherd
|
0-0: Ball 1-0: Foul Ball, location: 2F 1-1: Ball 2-1: Ground out 6-3 (Groundball, 6, EV 104.4 MPH)
|
Top of the 4th over - 2 runs, 3 hits, 0 errors, 1 left on base; Winnipeg 5 - New Jersey 2 |
BOTTOM OF THE 4TH |
New Jersey Devils batting - Pitching for Winnipeg Goldeyes : RHP Larry Muttart
|
Batting: RHB Chris Graham
|
0-0: Ball 1-0: Called Strike 1-1: Ball 2-1: Swinging Strike 2-2: Foul Ball, location: 2F 2-2: Ball 3-2: Ground out 6-3 (Groundball, 6, EV 92.5 MPH)
|
Batting: RHB Michael Youngberry
|
0-0: Ball 1-0: Called Strike 1-1: Called Strike 1-2: Ground out 4-3 (Groundball, 4M, EV 96.2 MPH)
|
Batting: SHB Tyler Maddux
|
0-0: Called Strike 0-1: Foul Ball, location: 2F 0-2: Ball 1-2: Ball 2-2: Ball 3-2: Foul Ball, location: 2F 3-2: Base on Balls
|
Batting: RHB Oscar Bravo
|
0-0: Ball Tyler Maddux steals 2nd base 1-0: Ball 2-0: Ball 3-0: Called Strike 3-1: Foul Ball, location: 2F 3-2: SINGLE (Line Drive, 8LS, EV 94.4 MPH) Tyler Maddux to third Runner from 3rd tries for Home, SAFE, throw by CF to home
|
Batting: LHB Tony Leyba
|
0-0: Ball 1-0: Foul Ball, location: 2F 1-1: Foul Ball, location: 2F 1-2: Foul Ball, location: 2F 1-2: Strikes out swinging
|
Bottom of the 4th over - 1 run, 1 hit, 0 errors, 1 left on base; Winnipeg 5 - New Jersey 3 |
TOP OF THE 5TH |
Winnipeg Goldeyes batting - Pitching for New Jersey Devils : RHP Richard Pye
|
Batting: RHB Caleb Bockmann
|
0-0: Reached on error, E4 (Groundball, 4, EV 103.8 MPH)
|
Batting: RHB John Dew
|
0-0: Ground out U3 (Groundball, 3S, EV 92.5 MPH) Caleb Bockmann to third
|
Batting: RHB Steve Terrell
|
0-0: Fly out, F9 (Flyball, 9, EV 90.0 MPH) Runner from 3rd tags up, SCORES, no throw by RF
|
Batting: SHB Matt Urbani
|
0-0: Called Strike 0-1: Swinging Strike 0-2: Ball 1-2: Foul Ball, location: 2F 1-2: Fly out, F8 (Line Drive, 8RD, EV 85.0 MPH)
|
Top of the 5th over - 1 run, 0 hits, 1 error, 0 left on base; Winnipeg 6 - New Jersey 3 |
BOTTOM OF THE 5TH |
New Jersey Devils batting - Pitching for Winnipeg Goldeyes : RHP Larry Muttart
|
Batting: LHB Miguel Ramos
|
0-0: Foul Ball, location: 2F 0-1: Swinging Strike 0-2: Foul Ball, location: 2F 0-2: Foul Ball, location: 2F 0-2: Strikes out looking
|
Batting: LHB Matt Baker
|
0-0: Ball 1-0: Ground out U3 (Groundball, 34S, EV 87.5 MPH)
|
Batting: LHB Jason Jones
|
0-0: Called Strike 0-1: Called Strike 0-2: Strikes out swinging
|
Bottom of the 5th over - 0 runs, 0 hits, 0 errors, 0 left on base; Winnipeg 6 - New Jersey 3 |
TOP OF THE 6TH |
Winnipeg Goldeyes batting - Pitching for New Jersey Devils : RHP Richard Pye
|
Batting: RHB Leo Gonzalez
|
0-0: Called Strike 0-1: Ball 1-1: Foul Ball, location: 2F 1-2: Foul Ball, location: 2F 1-2: Foul Ball, location: 2F 1-2: Strikes out swinging
|
Batting: RHB David McClellan
|
0-0: Ball 1-0: Ball 2-0: Called Strike 2-1: Swinging Strike 2-2: Strikes out swinging
|
Batting: RHB David McDonald
|
0-0: Called Strike 0-1: SINGLE (Line Drive, 7S, EV 103.1 MPH)
|
Batting: RHB Hisao Takei
|
0-0: Called Strike 0-1: Ground out 4-3 (Groundball, 34, EV 83.8 MPH)
|
Top of the 6th over - 0 runs, 1 hit, 0 errors, 1 left on base; Winnipeg 6 - New Jersey 3 |
BOTTOM OF THE 6TH |
New Jersey Devils batting - Pitching for Winnipeg Goldeyes : RHP Larry Muttart
|
Batting: RHB Jim Freels
|
0-0: Ball 1-0: Called Strike 1-1: Ground out 6-3 (Groundball, 6, EV 85.6 MPH)
|
Batting: RHB Chris Graham
|
0-0: Fly out, F9 (Flyball, 89D, EV 100.6 MPH)
|
Batting: RHB Michael Youngberry
|
0-0: Swinging Strike 0-1: Foul Ball, location: 2F 0-2: Strikes out swinging
|
Bottom of the 6th over - 0 runs, 0 hits, 0 errors, 0 left on base; Winnipeg 6 - New Jersey 3 |
TOP OF THE 7TH |
Winnipeg Goldeyes batting - Pitching for New Jersey Devils : RHP Richard Pye
|
Pitching: LHP Jesus Espitia
|
|
Batting: LHB Marvin Shepherd
|
0-0: Called Strike 0-1: Ground out U3 (Groundball, 3L, EV 85.0 MPH)
|
Batting: RHB Caleb Bockmann
|
0-0: Called Strike 0-1: Foul Ball, location: 2F 0-2: Foul Ball, location: 2F 0-2: Foul Ball, location: 2F 0-2: Ball 1-2: Foul Ball, location: 2F 1-2: Strikes out swinging
|
Batting: RHB John Dew
|
0-0: Foul Ball, location: 2F 0-1: Foul Ball, location: 2F 0-2: Ball 1-2: Ball 2-2: Foul Ball, location: 2F 2-2: Fly out, F7 (Flyball, 78S, EV 92.5 MPH)
|
Top of the 7th over - 0 runs, 0 hits, 0 errors, 0 left on base; Winnipeg 6 - New Jersey 3 |
BOTTOM OF THE 7TH |
New Jersey Devils batting - Pitching for Winnipeg Goldeyes : RHP Larry Muttart
|
Batting: SHB Tyler Maddux
|
0-0: Called Strike 0-1: Ground out U3 (Groundball, 34S, EV 78.1 MPH)
|
Batting: RHB Oscar Bravo
|
0-0: Fly out, F9 (Flyball, 89D, EV 105.0 MPH)
|
Batting: LHB Tony Leyba
|
0-0: SOLO HOME RUN (Flyball, 9D, EV 93.8 MPH), Distance : 360 ft
|
Batting: LHB Miguel Ramos
|
0-0: Called Strike 0-1: Fly out, F8 (Line Drive, 8LM, EV 93.1 MPH)
|
Bottom of the 7th over - 1 run, 1 hit, 0 errors, 0 left on base; Winnipeg 6 - New Jersey 4 |
TOP OF THE 8TH |
Winnipeg Goldeyes batting - Pitching for New Jersey Devils : LHP Jesus Espitia
|
Batting: RHB Steve Terrell
|
0-0: Ball 1-0: Ball 2-0: Called Strike 2-1: Ground out 4-3 (Groundball, 4M, EV 86.2 MPH)
|
Batting: SHB Matt Urbani
|
0-0: SINGLE (Groundball, 56D, EV 105.0 MPH)
|
Batting: RHB Leo Gonzalez
|
0-0: Ball 1-0: Foul Ball, location: 2F 1-1: Called Strike 1-2: Ball 2-2: Foul Ball, location: 2F 2-2: Strikes out looking Matt Urbani is caught stealing 2nd base 2-4 Batter strikes out.
|
Top of the 8th over - 0 runs, 1 hit, 0 errors, 0 left on base; Winnipeg 6 - New Jersey 4 |
BOTTOM OF THE 8TH |
New Jersey Devils batting - Pitching for Winnipeg Goldeyes : RHP Larry Muttart
|
Pitching: RHP Brian Waldrip
|
|
Batting: LHB Matt Baker
|
0-0: Ball 1-0: Swinging Strike 1-1: Ball 2-1: Fly out, F6 (Popup, 6S, EV 68.1 MPH)
|
Batting: LHB Jason Jones
|
0-0: Called Strike 0-1: Ball 1-1: Ball 2-1: SOLO HOME RUN (Flyball, 9LD, EV 93.1 MPH), Distance : 343 ft
|
Batting: RHB Jim Freels
|
0-0: Foul Ball, location: 2F 0-1: Called Strike 0-2: Ball 1-2: DOUBLE (Flyball, 89XD, EV 97.5 MPH)
|
Pitching: RHP Scot Abbott
|
|
Batting: RHB Chris Graham
|
0-0: Ball 1-0: Foul Ball, location: 2F 1-1: Called Strike 1-2: Strikes out looking
|
Batting: RHB Michael Youngberry
|
0-0: Ball 1-0: Ground out U3 (Groundball, 3S, EV 62.5 MPH)
|
Bottom of the 8th over - 1 run, 2 hits, 0 errors, 1 left on base; Winnipeg 6 - New Jersey 5 |
TOP OF THE 9TH |
Winnipeg Goldeyes batting - Pitching for New Jersey Devils : LHP Jesus Espitia
|
Pitching: RHP Jeremy Delka
|
|
Batting: RHB David McClellan
|
0-0: Called Strike 0-1: SOLO HOME RUN (Flyball, 9D, EV 98.8 MPH), Distance : 377 ft
|
Batting: RHB David McDonald
|
0-0: Ball 1-0: Foul Ball, location: 2F 1-1: Ground out 6-3 (Groundball, 6, EV 88.8 MPH)
|
Batting: RHB Hisao Takei
|
0-0: Foul Ball, location: 2F 0-1: Fly out, F8 (Flyball, 8LD, EV 98.8 MPH)
|
Batting: LHB Marvin Shepherd
|
0-0: Called Strike 0-1: Ball 1-1: Ball 2-1: Ball 3-1: Foul Ball, location: 2F 3-2: Base on Balls
|
Batting: RHB Caleb Bockmann
|
0-0: Ball 1-0: Called Strike Marvin Shepherd steals 2nd base (no throw) 1-1: SINGLE (Groundball, 56D, EV 106.9 MPH) Marvin Shepherd to third Runner from 3rd tries for Home, SAFE, throw by LF to home
|
Batting: RHB John Dew
|
0-0: Called Strike 0-1: Called Strike 0-2: Ball 1-2: SINGLE (Groundball, 4MS, EV 73.1 MPH) (infield hit) Caleb Bockmann to second
|
Batting: RHB Steve Terrell
|
0-0: Ball 1-0: Called Strike 1-1: Ball 2-1: Ground out 5-3 (Groundball, 56, EV 100.6 MPH)
|
Top of the 9th over - 2 runs, 3 hits, 0 errors, 2 left on base; Winnipeg 8 - New Jersey 5 |
BOTTOM OF THE 9TH |
New Jersey Devils batting - Pitching for Winnipeg Goldeyes : RHP Scot Abbott
|
Pitching: RHP Miguel Montelongo
|
|
Batting: SHB Tyler Maddux
|
0-0: Ball 1-0: Ball 2-0: Ground out 4-3 (Groundball, 4S, EV 72.5 MPH)
|
Batting: RHB Oscar Bravo
|
0-0: Ball 1-0: Called Strike 1-1: Fly out, F9 (Flyball, 8RM, EV 80.0 MPH)
|
Batting: LHB Tony Leyba
|
0-0: SOLO HOME RUN (Flyball, 9D, EV 95.6 MPH), Distance : 374 ft
|
Batting: LHB Miguel Ramos
|
0-0: Ball 1-0: Called Strike 1-1: Foul Ball, location: 2F 1-2: Ball 2-2: Foul Ball, location: 2F 2-2: Ball 3-2: Foul Ball, location: 2F 3-2: Foul Ball, location: 2F 3-2: Foul Ball, location: 2F 3-2: DOUBLE (Line Drive, 3D, EV 94.4 MPH)
|
Batting: LHB Matt Baker
|
0-0: Swinging Strike 0-1: Swinging Strike 0-2: Ball 1-2: Ground out 4-3 (Groundball, 4, EV 84.4 MPH)
|
Bottom of the 9th over - 1 run, 2 hits, 0 errors, 1 left on base; Winnipeg 8 - New Jersey 6 |
|